Zazza, neutral female human Tourist ------------ # |....._....| --------- --------- -------- ----- |..........| #........| |.)[@m?%| #.......| |....### |..........| #|.......| |(.[.?)%| ###|......-#### |...| # |......>...| #-----|--- |@$.....| # |......| |...| ##-..........| # # -|------- ### |......| |...| -------.---- # # # # |.......# |...| ## # # # # ### --------# #....| # # # ### # # #----- ## # # # # ### # ### ---|--------# # ### # # # |..........|# # # ### # ------# |...........# # -----.----# ---- ### |....|# |..........| # |........|# |..| # |<...|# |..........|######## |..`.....|# |..| ##-....|# ------------# -|-.- |........|# ---- ------ #### |...| |.........# |...| ---------- ----- # Zazza the Sightseer Experience level: 4 Strength: 12 Dexterity: 10 Constitution: 16 Intelligence: 12 Wisdom: 7 Charisma: 18 Health: 0(29) Energy: 12(12) Def: 2 Gold: 0 Moves: 1227 Dungeon seed: HePhxrzSvovGMucT Game ID: Zazza_1576096679 Your Inventory: Amulets y - an uncursed amulet of life saving Weapons a - 29 +2 darts (in quiver) s - 11 cursed -1 shuriken t - a +0 two-handed sword (weapon in hands) w - a +0 dagger Armor e - an uncursed +0 Hawaiian shirt (being worn) n - an uncursed +0 leather armor (being worn) Comestibles b - an uncursed pancake c - 3 uncursed tripe rations d - 5 uncursed food rations f - an uncursed fortune cookie g - an uncursed egg h - an uncursed slime mold Scrolls j - 3 uncursed scrolls of magic mapping m - an uncursed scroll of enchant weapon x - an uncursed scroll of confuse monster B - an uncursed scroll of identify Potions i - an uncursed potion of extra healing p - an uncursed potion of confusion A - an uncursed potion of sleeping Rings z - an uncursed ring of polymorph control Tools k - an expensive camera (0:65) l - an uncursed credit card Spells and supernatural/magical abilities: Name Level Category Fail Memory W - pray for help -- divine ? -- Your skills at the end: Fighting Skills Weapon Skills dart [Basic] Spellcasting Skills Final Attributes: You had strayed. You were lucky. You are dead. Vanquished creatures: a kitten a gas spore 2 large kobolds a giant rat a brown mold 2 geckos 6 jackals a fox 2 kobolds 3 sewer rats 3 grid bugs a bat 2 lichens 3 newts 29 creatures vanquished. Voluntary challenges: You were an atheist. You used a wielded weapon 18 times, starting on turn 488. You read items or engraved 3 times, starting on turn 932. You never genocided any monsters. You never polymorphed an object. You never changed form. You used no wishes. You never split a pudding. You wrote Elbereth's name 1 time, starting on turn 975. You violated your moral code, losing 24 points of alignment, starting on turn 1027. Dungeon overview: The Dungeons of Doom: levels 1 to 4 Level 1 a long staircase Level 2 a weapon shop Level 3 a fountain Level 4 <- You were here a general store, an altar to Offler History has recorded: On T:1 you entered the Dungeons of Doom to retrieve the Amulet of Yendor! On T:333 you reached level 2 of The Dungeons of Doom. On T:580 you reached level 3 of The Dungeons of Doom. On T:842 you advanced to experience level 2. On T:990 you advanced to experience level 3. On T:1027 you advanced to experience level 4. On T:1079 you reached level 4 of The Dungeons of Doom. Score breakdown: Gold: 0 ( 0 points) Experience: 4 levels ( 9649 points) Exploration: 4 levels ( 7.69%) ( 7276 points) Discoveries: 3 items ( 1.01%) ( 3010 points) Valuables value: (no points given unless you survive) Artifact value: 0 ( 0 points) Variety of kills: 14 monsters ( 3.67%) ( 5750 points) Turncount: 1227 turns ( 0 points) Survival: died (score multiplied by 80%) Total score: 20548 Latest messages: z - an ivory ring (unpaid, 267 zorkmids). You see here a crystal plate mail (729 zorkmids). You see here a fizzy potion (89 zorkmids). "For you, good lady; only 89 for this fizzy potion." A - a fizzy potion (unpaid, 89 zorkmids). You see here a scroll of identify (18 zorkmids). "For you, good lady; only 18 for this scroll of identify." B - a scroll of identify (unpaid, 18 zorkmids). Wait! That's a small mimic! You miss the small mimic. You hit the small mimic. You miss the small mimic. The small mimic hits! You miss the small mimic. You hit the small mimic! You miss the small mimic. (2x) The small mimic hits! You miss the small mimic. (4x) The small mimic hits! You miss the small mimic. (2x) You hit the small mimic! You miss the small mimic. The small mimic hits! You die... Aklavik comes and takes all your possessions. Final status: Aloha Zazza the Tourist, killed by a small mimic... You died in The Dungeons of Doom on dungeon level 4 with 20548 points, and 0 pieces of gold, after 1227 moves. You were level 4 with a maximum of 29 hit points when you died.